 Dungeon Crawl Stone Soup version 0.19.4-9-g45fd643 (console) character file.

14823 lanroth the Cleaver (level 12, -3/104 HPs)
             Began as a Hill Orc Fighter on Feb 17, 2017.
             Was a High Priest of Makhleb.
             Succumbed to Sonja's poison
             ... on level 2 of the Lair of Beasts.
             The game lasted 01:40:42 (11983 turns).

lanroth the Cleaver (Hill Orc Fighter)             Turns: 11983, Time: 01:40:43

Health: -3/104     AC: 22    Str: 22    XL:     12   Next: 20%
Magic:  12/12      EV: 10    Int:  8    God:    Makhleb [*****.]
Gold:   713        SH: 11    Dex: 14    Spells: 0 memorised, 11 levels left

rFire  + . .     SeeInvis .     a - +6 war axe
rCold  . . .     Gourm    .     q - +0 plate armour
rNeg   . . .     Faith    .     T - +1 buckler
rPois  .         Spirit   .     s - +2 helmet
rElec  .         Reflect  +     g - +2 cloak
rCorr  .         Harm     .     (no gloves)
MR     .....                    (no boots)
Stlth  ..........               B - +4 amulet of reflection
                                R - ring of protection from fire
                                U - +2 ring of evasion

@: lethally poisoned (-3 -> -48), very slightly contaminated, slowed, very slow
A: slimy green scales 1, blink, strong 1
a: Blink, Minor Destruction, Lesser Servant of Makhleb, Major Destruction,
Greater Servant of Makhleb, Renounce Religion


You were on level 2 of the Lair of Beasts.
You worshipped Makhleb.
Makhleb was extremely pleased with you.
You were not hungry.

You visited 3 branches of the dungeon, and saw 14 of its levels.
You also visited: Sewer.

You collected 713 gold pieces.

Inventory:

Hand Weapons
 a - a +6 war axe (weapon)
 b - a +0 hunting sling of flaming
 M - a +3 dire flail of freezing
Missiles
 h - 214 stones (quivered)
 v - 73 sling bullets
 D - 176 arrows
 G - 2 throwing nets
 P - 5 tomahawks
Armour
 g - a +2 cloak (worn)
 q - a +0 plate armour (worn)
 r - a +2 scale mail of cold resistance
 s - a +2 helmet (worn)
 T - a +1 buckler (worn)
Jewellery
 B - a +4 amulet of reflection (around neck)
 R - a ring of protection from fire (right hand)
 U - a +2 ring of evasion (left hand)
Wands
 i - a wand of disintegration (15/24)
 L - a wand of confusion (31/48)
 Q - a wand of iceblast (8/15)
 S - a wand of confusion (10/48)
 V - a wand of enslavement (13/24)
Scrolls
 c - 4 scrolls of teleportation
 e - a scroll of identify
 n - a scroll of blinking
 o - 2 scrolls of amnesia
 x - 2 scrolls of fear
 A - 4 scrolls of remove curse
 Z - 3 scrolls of magic mapping
Potions
 j - a potion of berserk rage
 u - 2 potions of heal wounds
 z - 3 potions of flight
 H - a potion of haste
 J - 2 potions of ambrosia
 O - a potion of cure mutation
 X - a potion of curing
Books
 d - a Young Poisoner's Handbook

   Spells                             Type                      Level
   a - Sting                          Conjuration/Poison           1
   b - Mephitic Cloud                 Conjuration/Poison/Air       3
   c - Olgreb's Toxic Radiance        Poison                       4
   d - Alistair's Intoxication        Transmutation/Poison         5
   e - Venom Bolt                     Conjuration/Poison           5
 Y - a book of Beasts

   Spells                             Type                      Level
   a - Summon Butterflies             Summoning                    1
   b - Call Canine Familiar           Summoning                    3
   c - Summon Ice Beast               Ice/Summoning                4
   d - Summon Mana Viper              Hexes/Summoning              5
   e - Summon Hydra                   Summoning                    7
Comestibles
 f - 5 bread rations
 k - 3 meat rations
 m - 2 royal jellies
 w - 11 fruits
 K - a slice of pizza


   Skills:
 + Level 9.0 Fighting
   Level 4.9 Short Blades
 + Level 12.9(13.5) Axes
 + Level 5.7(9.2) Maces & Flails
 + Level 1.9(3.9) Slings
 + Level 5.3(5.5) Throwing
 + Level 9.1 Armour
 + Level 1.9 Dodging
 + Level 0.6 Stealth
 + Level 9.8 Shields


You had 11 spell levels left.
You didn't know any spells.

Dungeon Overview and Level Annotations

Branches:
Dungeon (10/15)            Temple (0/1) D:6            Lair (3/6) D:10
 Shoals (1/4) Lair:2       Spider (0/4) Lair:2
    Orc: D:9-12

Altars:
Ashenzari
Dithmenos
Fedhas
Gozag
Makhleb
Ru
Yredelemnul
Beogh

Annotations:
Lair:3 Sonja


Innate Abilities, Weirdness & Mutations

You are partially covered in slimy green scales. (AC +2)
You can translocate small distances at will.
Your muscles are strong. (Str +2)


Message History

You block the elephant's attack.
* * * LOW HITPOINT WARNING * * *
You feel extremely sick.
The crocodile bites the bush.
Sonja zaps a wand.
You easily resist.
It is a wand of polymorph.
The hippogriff bites the bush but does no damage.
The hippogriff pecks the bush but does no damage.
The hippogriff claws the bush.
Blink to where?
Press: ? - help, Dir - move target cursor You are very lightly contaminated with residual magic.
As you read the scroll of blinking, it crumbles to dust.
* * * LOW HITPOINT WARNING * * *
You feel extremely sick.
* * * LOW HITPOINT WARNING * * *
You feel extremely sick.
There is a stone staircase leading up here.
* * * LOW HITPOINT WARNING * * *
You feel extremely sick.
You climb upwards.
You die...

## ###### ##### .# ####....# ####....# .##
#.#...### #.......# ..# #.....# ###......# ..##
##.....# #........# ..P### ##...P### ###........#
.....# ##....## #..........# ....## ##...###
##..........# ...#### ######### ##...#.####
#####...........#
...##.####PP##P#.###...#..#..######.##............#
..............................................#####
.............................................## ###
.............................................# ##.#
..........................................######..#
#....>..#.###P....#.#..###.###.#P.........# #....#
.....P...#.###...####### ### ###.......#######....#
##...##....##...## ####........# #......##
#....##...#.>.## #.........P.# #P...###
##...P#......## #..........## ##...## #.....##...##
##.........P# ##...## ##...####..#
#####..........####....# #####.P# #### #####
#.#.......#.....##@..### ##≈≈≈#### ##≈≈≈##
##.......#.....P#...## #≈≈≈≈≈##
##≈≈≈≈≈####....###......P...P# #≈≈≈>≈≈##
##≈≈≈≈≈≈##.....####.........###
##≈≈≈≈≈≈#####≈≈≈≈≈≈##P...#.# #.≈≈≈.≈≈≈...#
###≈≈≈≈....≈≈≈≈≈####...#### #≈.≈≈.≈≈.≈..#
###≈≈......≈###P#....## #≈≈.≈.≈.≈≈.## ##....)..##
#...###.# #≈≈≈...≈≈≈.P# #.#....######..## ###
#....>.....## ####.### #.#.### ##≈≈≈...≈≈≈## #.##
#..## #≈≈≈.≈.≈.≈≈## ##.# #..## ##.≈.≈≈.≈≈.≈≈#
##########.## ###.# ##...≈≈≈.≈≈≈..# ..#.##.#..#.#
### ##...........### ............# ##....#......P#
)....####.### #P.....#.....## ###### #### ###
##.#.........# # #.# #.#### ####........### #.##
##...## #.#.......#.#
#.P####.....##########.......##
##.###.#.......##.### ##......#
##.#.###..........#.P####......#
#P..###.............##.###.....##
##.###...P..........)<####......##
#...##..................##......P#
##..P##....P.P.P..................##
#P...#P............#.P.....<.......###
##...###...........P###P.........P....#
##...###....P.P.......####.........#...##
#.....#.#.......P...### ###........P...##
#P........P........#.# ##............##
#.................#### #.............##
##.....#...#.....## #..............### ##
#.......#......### ##................## .#
#....####P...#.### #.....##...........#
.####...P#P##....>.#.###########.....##...........#


There were no monsters in sight!

Vanquished Creatures
  3 hydras
  A death yak (Lair:1)
  A harpy (Lair:2)
  Joseph (D:7)
  An elephant (Lair:1)
  A siren (Lair:2)
  A torpor snail (Lair:1)
  A spiny frog (Lair:1)
  2 black mambas
  2 komodo dragons (Lair:1)
  Grinder (D:6)
  4 blink frogs (Lair:1)
  A hippogriff (Lair:1)
  16 yaks
  2 redbacks (Lair:2)
  A steam dragon (Lair:3)
  A hungry ghost (D:7)
  Menkaure (D:7)
  2 porcupines
  2 sky beasts
  2 water moccasins
  2 orc warriors
  A black bear (D:5)
  An eye of draining (D:5)
  5 wolves (Lair:1)
  An ice beast (D:9)
  2 centaurs
  2 crocodiles (Lair:1)
  4 big kobolds
  6 bullfrogs
  A gnoll sergeant (D:9)
  4 scorpions
  9 killer bees
  4 wights (D:6)
  A howler monkey (D:6)
  4 crimson imps
  A centaur zombie (D:5)
  2 hounds
  2 jellies (D:9)
  10 orc priests
  2 centaur skeletons
  An iguana (D:4)
  12 orc wizards
  6 worker ants
  A killer bee zombie (D:8)
  A hound skeleton (D:4)
  Robin (D:3)
  9 gnolls
  8 adders
  A river rat (Sewer)
  A shadow imp (D:4)
  2 oozes
  7 worms
  2 dart slugs (D:1)
  4 leopard geckos
  54 orcs
  2 ball pythons
  8 giant cockroaches
  11 goblins
  9 hobgoblins
  7 jackals
  5 quokkas
  A ball python zombie (D:5)
  8 bats
  4 frilled lizards
  A jackal skeleton (D:5)
  25 kobolds
  A leopard gecko zombie (D:5)
  13 rats
  2 fungi
318 creatures vanquished.

Vanquished Creatures (others)
  2 killer bees (Lair:3)
  4 fungi
  2 plants (Lair:2)
8 creatures vanquished.

Grand Total: 326 creatures vanquished

Notes
Turn   | Place    | Note
-------+----------+-------------------------------------------
     0 | D:1      | lanroth the Hill Orc Fighter began the quest for the Orb.
     0 | D:1      | Reached XP level 1. HP: 19/19 MP: 1/1
   154 | D:1      | Reached XP level 2. HP: 27/27 MP: 2/2
   474 | D:1      | Reached XP level 3. HP: 33/33 MP: 3/3
  1147 | D:2      | Found a burning altar of Makhleb.
  1191 | D:2      | Became a worshipper of Makhleb the Destroyer
  1353 | D:2      | Reached XP level 4. HP: 39/40 MP: 4/4
  1506 | D:3      | Found a blossoming altar of Fedhas.
  1605 | D:3      | Found a glowing drain.
  1625 | D:3      | Noticed Robin
  1661 | D:3      | Killed Robin
  1785 | Sewer    | Entered a sewer
  1787 | Sewer    | Reached XP level 5. HP: 22/46 MP: 5/5
  2042 | Sewer    | Noticed a big kobold
  2066 | Sewer    | Killed a big kobold
  2132 | Sewer    | Found a white marble altar of Elyvilon.
  2299 | D:3      | Found a shadowy altar of Dithmenos.
  2532 | D:3      | Reached * piety under Makhleb
  2566 | D:3      | Reached skill level 1 in Throwing
  2566 | D:3      | Reached XP level 6. HP: 34/53 MP: 6/6
  2771 | D:4      | Reached skill level 1 in Short Blades
  2838 | D:4      | Noticed an orc warrior
  3113 | D:4      | Killed an orc warrior
  3139 | D:4      | Reached XP level 7. HP: 27/60 MP: 7/7
  3942 | D:4      | Reached skill level 5 in Armour
  4010 | D:4      | Reached skill level 5 in Fighting
  4123 | D:4      | Reached skill level 5 in Shields
  4418 | D:5      | Entered Level 5 of the Dungeon
  4550 | D:5      | Reached skill level 1 in Dodging
  4550 | D:5      | Reached XP level 8. HP: 67/68 MP: 8/8
  4868 | D:5      | Reached ** piety under Makhleb
  5190 | D:6      | Found a staircase to the Ecumenical Temple.
  5198 | D:6      | Noticed Grinder
  5208 | D:6      | Paralysed by Grinder for 7 turns
  5218 | D:6      | Killed Grinder
  5520 | D:6      | Reached XP level 9. HP: 74/75 MP: 9/9
  5525 | D:6      | Gained mutation: You are agile. (Dex +2) [mutagenic meat]
  5526 | D:6      | Gained mutation: Your body sometimes deteriorates upon taking damage. [mutagenic meat]
  5527 | D:6      | Lost mutation: You are agile. (Dex +2) [potion of cure mutation]
  5527 | D:6      | Lost mutation: Your body sometimes deteriorates upon taking damage. [potion of cure mutation]
  5700 | D:6      | Reached skill level 1 in Axes
  5948 | D:6      | Reached skill level 2 in Axes
  6130 | D:6      | Reached skill level 3 in Axes
  6182 | D:6      | Found a shattered altar of Ashenzari.
  6365 | D:7      | Reached *** piety under Makhleb
  6374 | D:7      | Noticed Joseph
  6406 | D:7      | Killed Joseph
  6406 | D:7      | Reached skill level 4 in Axes
  6535 | D:7      | Gained mutation: You are partially covered in slimy green scales. (AC +2) [mutagenic meat]
  6536 | D:7      | Gained mutation: Your muscles are strong. (Str +2) [mutagenic meat]
  6538 | D:7      | Gained mutation: You can translocate small distances at will. [mutagenic meat]
  6670 | D:7      | Reached skill level 5 in Axes
  6777 | D:7      | Reached skill level 6 in Axes
  6823 | D:7      | Noticed Menkaure
  6851 | D:7      | Killed Menkaure
  7379 | D:8      | Reached XP level 10. HP: 84/84 MP: 10/10
  7563 | D:8      | Found a basalt altar of Yredelemnul.
  7638 | D:8      | Reached skill level 7 in Axes
  7752 | D:8      | Found a roughly hewn altar of Beogh.
  7894 | D:8      | Reached **** piety under Makhleb
  8308 | D:9      | Found a sacrificial altar of Ru.
  8465 | D:9      | Found an opulent altar of Gozag.
  8616 | D:9      | Reached skill level 8 in Axes
  8666 | D:9      | Reached skill level 9 in Axes
  8980 | D:10     | Entered Level 10 of the Dungeon
  9028 | D:10     | Found a staircase to the Lair.
  9034 | Lair:1   | Entered Level 1 of the Lair of Beasts
  9107 | Lair:1   | Noticed a spiny frog
  9109 | Lair:1   | Noticed a black mamba
  9122 | Lair:1   | Killed a spiny frog
  9129 | Lair:1   | Killed a black mamba
  9129 | Lair:1   | Reached skill level 10 in Axes
  9169 | Lair:1   | Reached ***** piety under Makhleb
  9181 | Lair:1   | Reached XP level 11. HP: 92/92 MP: 11/11
  9230 | Lair:1   | Noticed a six-headed hydra
  9249 | Lair:1   | Killed a six-headed hydra
  9249 | Lair:1   | Reached skill level 5 in Maces & Flails
  9249 | Lair:1   | Reached skill level 1 in Slings
  9630 | Lair:1   | Reached skill level 11 in Axes
 10007 | Lair:2   | Noticed a death yak
 10033 | Lair:1   | Killed a death yak
 10337 | Lair:2   | Found a hole to the Spider Nest.
 10401 | Lair:1   | Reached skill level 12 in Axes
 10621 | Lair:2   | Noticed a seven-headed hydra
 10638 | Lair:2   | Killed a seven-headed hydra
 10923 | Lair:2   | Noticed a seven-headed hydra
 11190 | Lair:2   | Killed a seven-headed hydra
 11190 | Lair:2   | Reached XP level 12. HP: 51/103 MP: 12/12
 11425 | Lair:2   | Found a staircase to the Shoals.
 11503 | Lair:2   | Reached skill level 5 in Throwing
 11783 | Shoals:1 | Entered Level 1 of the Shoals
 11969 | Lair:3   | Noticed Sonja
 11982 | Lair:3   | HP: 4/104 [poisoned by Sonja]
 11983 | Lair:2   | Succumbed to Sonja's poison

Skill      XL: |  1  2  3  4  5  6  7  8  9 10 11 12 |
---------------+-------------------------------------+-----
Fighting       | 4 5 6 7 8 9 |  9.0
Maces & Flails | 3 4 5 |  5.7
Armour         | 4 5 6 7 8 9 |  9.1
Shields        | 4 5 6 7 8 9 |  9.8
Throwing       | 1 3 4 5 |  5.3
Short Blades   | 2 3 4 |  4.9
Dodging        | 1 |  1.9
Axes           | 6 10 12 | 12.9
Slings         | 1 |  1.9
Stealth        | |  0.6

Action                   |  1- 3 |  4- 6 |  7- 9 | 10-12 || total
-------------------------+-------+-------+-------+-------++-------
Melee: Flail             |   125 |    94 |       |       ||   219
       Dagger            |       |   123 |   198 |       ||   321
       War axe           |       |       |   115 |   443 ||   558
       Battleaxe         |       |       |    90 |       ||    90
       Dire flail        |       |       |    12 |    20 ||    32
 Fire: Hunting sling     |       |       |     7 |     7 ||    14
Throw: Stone             |    10 |    26 |    81 |   151 ||   268
       Tomahawk          |       |       |     5 |       ||     5
       Throwing net      |       |       |       |     1 ||     1
 Abil: Blink             |       |       |       |     1 ||     1
  Use: Scroll            |       |     8 |     8 |     9 ||    25
       Potion            |       |     7 |    11 |     1 ||    19
  Eat: Chunk             |     2 |     6 |    14 |    13 ||    35
       Beef jerky        |       |       |     2 |       ||     2
       Pizza             |       |       |     1 |     1 ||     2
       Meat ration       |       |       |     1 |       ||     1
Armor: Scale mail        |    31 |       |     8 |       ||    39
       Chain mail        |    33 |   100 |     8 |       ||   141
       Plate armour      |       |       |   161 |   232 ||   393
Dodge: Dodged            |    46 |    47 |    58 |   167 ||   318
Block: Shield            |    60 |   122 |   176 |    84 ||   442
       Reflection        |       |     3 |     7 |     8 ||    18
       Other             |       |       |    22 |     7 ||    29
       Buckler           |       |       |     4 |   189 ||   193
